Map: [ESL] Hard Lead

Players

Firefly - Winner!

  • Race: Protoss Protoss
  • Spawn Location: 5:00

Coffee

  • Race: Terran Terran
  • Spawn Location: 11:00

Event: ESL SC2 Masters 2023 Winter (Regional)

VOD

Have the link to the VOD?

Description

Time

  • Played on: Nov. 18, 2023, 6:41 a.m.
  • Length: 11:02

All games in this series

Show
View Real Time Build Order
Export as new Build Order

Firefly Protoss - Winner!

Build Orders: 1 Gate Expand, Blink Stalkers 

Get SALT Encoding   

  12  0:00  Probe  
  13  0:12  Probe  
  14  0:17  Pylon  
  14  0:24  Probe  
  15  0:35  Gateway  
  15  0:36  Probe (Chrono Boost)  
  16  0:47  Assimilator, Probe (Chrono Boost)  
  17  0:52  Probe (Chrono Boost)  
  18  1:03  Probe  
  19  1:15  Probe  
  20  1:22  Cybernetics Core  
  20  1:32  Nexus  
  20  1:38  Pylon  
  20  1:41  Probe  
  21  1:48  Assimilator  
  21  1:53  Probe  
  22  1:56  Warp Gate (Chrono Boost), Adept (Chrono Boost)  
  24  2:05  Probe  
  25  2:17  Probe  
  26  2:24  Twilight Council  
  26  2:26  Adept  
  26  2:29  Probe  
  29  2:38  Gateway  
  29  2:41  Probe  
  30  2:44  Probe  
  30  2:51  Gateway  
  31  2:53  Probe  
  31  2:55  Blink (Chrono Boost)  
  31  2:56  Probe  
  33  3:06  Probe  
  33  3:08  Probe  
  35  3:15  Robotics Facility  
  35  3:18  Probe  
  36  3:21  Probe  
  36  3:25  Pylon  
  37  3:32  Probe  
  38  3:38  Stalker x2  
  42  3:46  Probe, Stalker  
  42  3:48  Probe  
  46  4:07  Stalker  
  46  4:08  Stalker  
  50  4:10  Stalker  
  50  4:14  Probe  
  50  4:15  Probe  
  54  4:21  Pylon  
  54  4:22  Nexus  
  52  4:39  Observer, Probe  
  52  4:41  Shield Battery  
  52  4:45  Forge  
  54  4:47  Pylon  
  54  4:58  Gateway  
  54  5:00  Gateway, Pylon  
  54  5:05  Probe x2, Charge (Chrono Boost)  
  56  5:16  Stalker  
  56  5:17  Probe  
  56  5:20  Observer, Probe  
  60  5:26  Protoss Ground Armor Level 1 (Chrono Boost)  
  60  5:29  Probe  
  60  5:32  Probe  
  62  5:36  Probe  
  62  5:37  Shield Battery  
  62  5:41  Probe  
  62  5:42  Observer, Pylon  
  65  5:44  Gateway  
  65  5:47  Gateway  
  65  5:48  Probe x2  
  65  5:49  Gateway  
  67  5:53  Gateway, Zealot, Stalker  
  71  5:59  Stalker  
  71  6:00  Zealot  
  75  6:05  Zealot  
  77  6:25  Zealot x5  
  87  6:35  Probe x3  
  87  6:38  Pylon  
  90  6:47  Probe x3  
  93  6:58  Stalker x4  
  93  7:00  Pylon  
  101  7:01  Pylon  
  101  7:03  Pylon  
  101  7:09  Protoss Ground Weapons Level 1 (Chrono Boost)  
  101  7:11  Pylon  
  101  7:12  Pylon  
  101  7:15  Pylon  
  101  7:21  Photon Cannon  
  101  7:23  Pylon  
  101  7:24  Observer (Chrono Boost)  
  101  7:29  Zealot x9  
  119  7:30  Photon Cannon  
  119  7:39  Warp Prism  
  121  7:56  Zealot x9  
  139  8:02  Forge  
  139  8:05  Pylon  
  139  8:13  Nexus  
  139  8:15  Pylon  
  137  8:30  Probe x3  
  138  8:41  Pylon  
  138  8:42  Shield Battery, Probe x3  
  141  8:55  Probe x3  
  143  8:59  Gateway  
  144  9:03  Gateway  
  144  9:04  Sentry x2, Assimilator  
  144  9:06  Zealot x4  
  144  9:07  Probe x2  
  144  9:08  Assimilator, Probe  
  159  9:11  Photon Cannon  
  159  9:16  Photon Cannon  
  159  9:19  Zealot x2, Probe x2  
  159  9:20  Probe  
  162  9:27  Probe  
  164  9:31  Probe  
  164  9:34  Probe  
  165  9:42  Robotics Facility, Robotics Bay  
  165  9:43  Pylon  
  165  9:54  Photon Cannon  
  165  10:00  Zealot x6  
  165  10:05  Immortal  
  181  10:09  Pylon  
  181  10:15  Zealot x5  
  191  10:32  Zealot x4  
  199  10:45  Stalker x3  
  199  10:46  Zealot x2, Stalker x2  
Show
View Real Time Build Order
Export as new Build Order

Coffee Terran 

Build Orders: 1/1/1, Banshee Rush 

Get SALT Encoding   

  12  0:00  SCV  
  13  0:12  SCV  
  14  0:17  Supply Depot  
  14  0:24  SCV  
  15  0:38  SCV  
  15  0:40  Barracks  
  16  0:43  Refinery  
  16  0:50  SCV  
  16  0:52  Refinery  
  17  1:02  SCV  
  18  1:14  SCV  
  19  1:27  Orbital Command, Reaper  
  20  1:37  Supply Depot  
  20  1:41  Factory  
  20  1:52  SCV  
  21  1:59  Barracks Reactor  
  21  2:05  SCV  
  22  2:17  Command Center, SCV  
  23  2:27  Starport  
  23  2:29  SCV  
  24  2:34  Widow Mine  
  26  2:37  Marine x2  
  26  2:44  Supply Depot  
  28  2:47  SCV  
  29  2:55  Marine x2  
  29  2:56  Factory Tech Lab  
  31  3:05  Medivac  
  33  3:07  SCV  
  34  3:13  Marine x2  
  34  3:14  Widow Mine  
  34  3:19  SCV  
  39  3:30  Orbital Command  
  39  3:37  Marine  
  39  3:38  Marine  
  40  3:45  SCV  
  40  3:48  Orbital Command, Cloaking Field  
  41  3:49  Banshee, Factory Tech Lab  
  44  3:55  Marine x2  
  45  4:13  Bunker, Siege Tank, Marine x2  
  45  4:15  SCV  
  49  4:19  SCV  
  49  4:23  Supply Depot  
  48  4:27  SCV  
  48  4:31  SCV, Marine x2  
  52  4:39  Supply Depot  
  52  4:44  SCV x2  
  52  4:45  Banshee  
  57  4:53  Siege Tank  
  57  4:56  Barracks  
  60  5:00  Marine x2  
  60  5:03  SCV x2  
  60  5:06  Engineering Bay  
  64  5:09  Refinery  
  64  5:12  Supply Depot  
  62  5:21  SCV  
  62  5:22  Marine x2  
  62  5:32  Barracks, SCV  
  62  5:33  SCV  
  63  5:40  Refinery  
  63  5:44  SCV, Marine x2  
  63  5:45  SCV  
  63  5:46  Starport Reactor, Factory Reactor  
  63  5:49  Supply Depot  
  67  5:56  SCV  
  68  6:00  SCV  
  68  6:02  Marine  
  68  6:03  Stimpack, Marine x2  
  72  6:08  SCV  
  73  6:12  SCV  
  74  6:22  Combat Shield  
  74  6:23  Marauder x2  
  74  6:24  Marine  
  74  6:25  Marine  
  80  6:27  SCV x2  
  80  6:31  Supply Depot, Refinery  
  82  6:33  Supply Depot  
  82  6:44  Marauder x2  
  85  6:48  SCV  
  85  6:53  Widow Mine x2, Medivac x2  
  94  6:54  Marine x2  
  94  6:55  Supply Depot, SCV  
  94  7:00  SCV  
  98  7:05  Supply Depot  
  98  7:06  Supply Depot  
  98  7:07  SCV  
  99  7:10  Marauder  
  99  7:14  Supply Depot  
  101  7:17  Marauder  
  101  7:19  SCV x2  
  105  7:28  Medivac, Marine x2  
  105  7:29  Medivac, Widow Mine x2  
  115  7:38  Marauder x2  
  119  7:46  Marine x2  
  120  7:56  Widow Mine x2  
  123  8:00  Barracks, Supply Depot  
  123  8:01  Barracks  
  120  8:08  Marauder x2  
  120  8:11  Marine  
  120  8:12  Marine  
  125  8:13  Terran Infantry Armor Level 1  
  125  8:18  Medivac x2  
  131  8:20  Widow Mine  
  131  8:22  Widow Mine  
  132  8:32  Ghost Academy  
  132  8:33  Supply Depot  
  129  8:44  Marauder x2, Marine x2  
  129  8:45  Missile Turret  
  135  8:49  Barracks Reactor, Barracks Tech Lab  
  135  9:02  Marine x2  
  135  9:03  Supply Depot, Widow Mine  
  135  9:04  Viking, Widow Mine  
  135  9:05  Viking  
  139  9:24  Ghost, Marine  
  139  9:25  Ghost x2, Marine  
  137  9:33  Widow Mine x2  
  141  9:42  Supply Depot  
  141  9:43  Supply Depot  
  141  9:44  Marine x4  
  145  9:47  Medivac x2  
  149  9:54  Widow Mine x2  
  155  10:00  Marauder x2  
  155  10:02  Concussive Shells  
  157  10:17  Marine  
  157  10:18  Marine x3  
  157  10:19  Widow Mine  
  157  10:20  Widow Mine  
  162  10:39  Marine, Marauder x2  
Tags
 
Add a new tag
Caveats
  • Supply blocks, unpowered buildings, or Contaminate may cause inaccurate times.
  • Supply counts are checked every 10 seconds.